 Dungeon Crawl Stone Soup version 0.29-a0-275-g389c0b56f3 (webtiles) character file.

Game seed: 3395541187119547336

32 Morbidden the Conjurer (level 3, 0/32 HPs)
             Began as a Troll Conjurer on Mar 11, 2022.
             Slain by Terence
             ... wielding a +4 mace of protection
              (6 damage)
             ... on level 2 of the Dungeon.
             The game lasted 00:01:13 (1024 turns).

Morbidden the Conjurer (Troll Conjurer)             Turns: 1024, Time: 00:01:14

Health: 0/32       AC:  4    Str: 15    XL:     3   Next: 10%
Magic:  3/4        EV:  9    Int: 16    God:
Gold:   78         SH:  0    Dex:  8    Spells: 3/4 levels left

rFire   . . .      SeeInvis .     - Unarmed
rCold   . . .      Faith    .   (no shield)
rNeg    . . .      Spirit   .   a - +0 robe
rPois   .          Reflect  .   (helmet restricted)
rElec   .          Harm     .   (no cloak)
rCorr   .          Rampage  .   (gloves unavailable)
Will    +....                   (boots unavailable)
Stlth   +.........              (no amulet)
HPRegen 0.90/turn               d - ring of willpower
MPRegen 0.09/turn               (no ring)

@: no status effects
A: large, unfitting armour, claws 3, regeneration 1, shaggy fur 1, tough skin 1
a: no special abilities


You were on level 2 of the Dungeon.
You visited 1 branch of the dungeon, and saw 2 of its levels.

You collected 78 gold pieces.

Inventory:

Missiles
 c - 2 silver javelins (quivered)
Armour
 a - a +0 robe (worn)
Jewellery
 d - a ring of willpower (left claw)
Scrolls
 e - a scroll of identify {unknown}
 h - 2 scrolls of torment {unknown}
 j - a scroll of teleportation {unknown}
Potions
 b - a potion of magic
 f - 2 potions of degeneration {unknown}
 g - a potion of curing {unknown}
 i - a potion of mutation {unknown}


   Skills:
 * Level 0.6 Fighting
 * Level 1.7 Dodging
 + Level 1.1 Stealth
 * Level 1.0 Unarmed Combat
 * Level 1.3 Spellcasting
 + Level 3.3 Conjurations


You had 3 spell levels left.
You knew the following spells:

 Your Spells              Type           Power      Damage    Failure   Level
a - Magic Dart            Conj           44%        1d5       6%          1

Your spell library contained the following spells:

 Spells                   Type           Power      Damage    Failure   Level
 Searing Ray              Conj           22%        2d5       9%          2
 Dazzling Flash           Conj/Hex       12%        N/A       34%         3
 Fulminant Prism          Conj/Hex       3%         3d6       75%         4
 Iskenderun's Mystic Bla  Conj/Tloc      6%         2d4       75%         4


Dungeon Overview and Level Annotations

Branches:
Dungeon (2/15)

Altars:

Annotations:
D:2 Terence


Innate Abilities, Weirdness & Mutations

You are too large for most types of armour.
You have claws for hands.
Your natural rate of healing is unusually fast.
You are covered in fur. (AC +1)
You have tough skin. (AC +1)


Message History

Confirm with . or Enter, or press ? or * to list all spells.
Aiming: Magic Dart (safe; 6% risk of failure)
Press: ? - help, Shift-Dir - straight line, f - ball python
Aim: a ball python (asleep, 100% to hit)
The magic dart hits the ball python.
You kill the ball python!
Terence the Incautious comes into view.
He is wielding a +4 mace of protection.
Casting: Magic Dart (safe; 6% risk of failure)
Confirm with . or Enter, or press ? or * to list all spells.
Aiming: Magic Dart (safe; 6% risk of failure)
Press: ? - help, Shift-Dir - straight line, f - Terence
Aim: Terence, wielding a +4 mace of protection and wearing a +0 scale mail (asleep, 100% to hit)
The magic dart hits Terence but does no damage.
Terence is nearby!
You see here a ball python corpse.
Terence hits you with a +4 mace of protection.
You closely miss Terence.
Terence hits you with a +4 mace of protection!
Casting: Magic Dart (safe; 6% risk of failure)
Confirm with . or Enter, or press ? or * to list all spells.
You don't know that spell.
Unknown command.
Unknown command.
You closely miss Terence. Terence closely misses you.
You closely miss Terence.
Terence hits you with a +4 mace of protection!
You are too injured to fight recklessly!
You are too injured to fight recklessly!
You are too injured to fight recklessly!
You are too injured to fight recklessly!
You are too injured to fight recklessly!
You closely miss Terence.
Terence hits you with a +4 mace of protection.
You scratch Terence but do no damage. Your claw misses Terence.
Terence hits you with a +4 mace of protection!
* * * LOW HITPOINT WARNING * * *
You scratch Terence but do no damage.
Terence says, "Don't bother to defend, it's pointless."
Terence hits you with a +4 mace of protection.
You die...

..###.### .........
#.###.### #.....## #
...#...# #. # .
#......####..#### .#..
#.#.............###.....
#.....#########.#....#..
......# #...†.@@....#
####..#####.#.#...#.###
##>........#####.#
#.#####.#.......#
#.#####.#####.#.#
#.......# #########


You could see Terence.

Vanquished Creatures
  A worm (D:2)
  2 bats
  4 endoplasms (D:1)
  3 giant cockroaches (D:1)
  3 goblins (D:1)
  A quokka (D:2)
  6 ball pythons
  5 kobolds
  A rat (D:1)
26 creatures vanquished.

Notes
Turn   | Place    | Note
-------+----------+-------------------------------------------
     0 | D:1      | Morbidden the Troll Conjurer began the quest for the Orb.
     0 | D:1      | Reached XP level 1. HP: 16/16 MP: 1/1
    22 | D:1      | Reached skill level 3 in Conjurations
    92 | D:1      | Reached XP level 2. HP: 24/24 MP: 0/2
   645 | D:2      | Reached skill level 1 in Unarmed Combat
   645 | D:2      | Reached XP level 3. HP: 31/32 MP: 4/4
  1014 | D:2      | Noticed Terence
  1024 | D:2      | Slain by Terence

Illustrated notes

Levels and vault maps discovered:
D:1:      dpeg_arrival_simpleton_c, layout_basic, chequers_serial_rivers_micro_b
D:2:      layout_basic, uniq_terence

Skill      XL: |  1  2 |
---------------+-------+-----
Conjurations   | 3 |  3.3
Unarmed Combat | 1 |  1.0
Fighting       | |  0.6
Dodging        | |  1.7
Stealth        | |  1.1
Spellcasting   | |  1.3

Action                   || total
-------------------------++-------
Melee: Unarmed           ||    75
 Cast: Magic Dart        ||    13
Armor: Robe              ||    28
Dodge: Dodged            ||    31

Table legend: (Time is in decaauts)
 A = Elapsed time spent in this place.
 B = Non-inter-level travel time spent in this place.
 C = Inter-level travel time spent in this place.
 D = Time resting spent in this place.
 E = Time spent auto-exploring this place.
 F = Levels seen in this place.
 G = Mean time per level.
                   A        B        C        D        E       F      G
               +--------+--------+--------+--------+--------+-----+--------+
         Total |   1022 |   1018 |      4 |      0 |    834 |   2 |  511.0 |
       Dungeon |   1022 |   1018 |      4 |      0 |    834 |   2 |  511.0 |
               +--------+--------+--------+--------+--------+-----+--------+

Top non-repeatable levels by time:
     D:1: 589 daAuts
     D:2: 433 daAuts
